 Dungeon Crawl Stone Soup version 0.28.0-53-g5a82cb258f (webtiles) character file.

Game seed: 4498717436946855010

1481 jiml777 the Digger (level 8, -3/39 HPs)
             Began as a Gargoyle Earth Elementalist on June 10, 2022.
             Killed from afar by Maggie (19 damage)
             ... with a bolt of fire
             ... on level 6 of the Dungeon.
             The game lasted 00:39:12 (7315 turns).

jiml777 the Digger (Gargoyle Earth Elementalist)    Turns: 7315, Time: 00:39:12

Health: -3/39      AC: 11    Str: 12      XL:     8   Next: 79%
Magic:  6/15       EV: 11    Int: 17 (18) God:
Gold:   137        SH:  5    Dex:  9 (10) Spells: 7/17 levels left

rFire   . . .      SeeInvis .   D - +2 war axe (flame)
rCold   + . .      Faith    .   y - +2 buckler
rNeg    + . .      Spirit   .   b - +0 robe
rPois   ∞          Reflect  .   (no helmet)
rElec   +          Harm     .   p - +2 cloak
rCorr   .          Rampage  .   (no gloves)
Will    +....                   B - +0 pair of boots
Stlth   ++........              (no amulet)
HPRegen 0.13/turn               d - ring of protection from cold
MPRegen 0.14/turn               (no ring)

@: mesmerised
A: sickness immunity, AC +5, negative energy resistance 1, electricity
resistance, torment resistance 1, petrification resistance, talons 1,
deterioration 1, frail 1, strong-willed 1
a: no special abilities


You were on level 6 of the Dungeon.
You visited 1 branch of the dungeon, and saw 6 of its levels.
You also visited: Sewer and Ossuary.

You collected 279 gold pieces.
You spent 142 gold pieces at shops.

Inventory:

Hand Weapons
 f - a +1 dagger of holy wrath
 l - a +2 dagger of speed
 v - a +0 spectral club
 D - a +2 war axe of flaming (weapon)
Missiles
 a - 3 poisoned darts
 c - 82 stones
 n - 25 bolts
 o - 109 arrows
Armour
 b - a +0 robe (worn)
 p - a +2 cloak (worn)
 t - a +0 pair of boots
 u - a +0 helmet
 w - an orb of wrath
 y - a +2 buckler (worn)
 B - a +0 pair of boots (worn)
Jewellery
 d - a ring of protection from cold (left hand)
Scrolls
 g - 5 scrolls of teleportation
 i - 2 scrolls of magic mapping
 j - a scroll of holy word {unknown}
 k - a scroll of fog
 C - 2 scrolls of summoning
Potions
 e - 2 potions of curing
 h - a potion of magic
 m - a potion of lignification
 q - 8 potions of heal wounds
 r - 3 potions of invisibility
 s - 5 potions of haste
 x - a potion of berserk rage {unknown}
 z - a potion of resistance {unknown}
 A - 3 potions of might


   Skills:
 + Level 2.1 Fighting
 + Level 3.5 Short Blades
 - Level 2.5 Dodging
 + Level 3.2 Stealth
 * Level 1.6 Shields
 + Level 1.1 Unarmed Combat
 + Level 5.2 Spellcasting
 * Level 3.8 Conjurations
 * Level 2.6 Transmutations
 + Level 6.4 Earth Magic


You had 7 spell levels left.
You knew the following spells:

 Your Spells              Type           Power      Damage    Failure   Level
a - Sandblast             Erth           52%        2d12      1%          1
b - Passwall              Tmut/Erth      15%        N/A       4%          2
c - Stone Arrow           Conj/Erth      42%        3d9       7%          3
d - Petrify               Tmut/Erth      19%        N/A       28%         4

Your spell library contained the following spells:

 Spells                   Type           Power      Damage    Failure   Level
 Animate Skeleton         Necr           8%         N/A       19%         1
 Pain                     Necr           16%        1d4       19%         1
 Gell's Gravitas          Tloc           4%         N/A       50%         3
 Lesser Beckoning         Tloc           4%         N/A       50%         3
 Ozocubu's Armour         Ice            4%         N/A       50%         3
 Teleport Other           Tloc           4%         N/A       50%         3
 Vampiric Draining        Necr           4%         2d6       50%         3
 Borgnjor's Vile Clutch   Necr/Erth      7%         N/A       80%         5
 Alistair's Intoxication  Tmut/Pois      5%         N/A       96%         5
 Metabolic Englaciation   Hex/Ice        2%         N/A       99%         5
 Eringya's Noxious Bog    Tmut/Pois      4%         N/A       100%        6
 Simulacrum               Ice/Necr       2%         N/A       100%        6
 Statue Form              Tmut/Erth      Unusable   N/A       N/A         6

Dungeon Overview and Level Annotations

Branches:
Dungeon (6/15)              Sewer (visited)         Ossuary (visited)
 Temple: D:4-7

Altars:
Dithmenos
Gozag
The Shining One

Shops:
D:4 ?

Annotations:
D:4 2 transporters, issech's ghost, novice MiMo
D:6 Maggie


Innate Abilities, Weirdness & Mutations

You are immune to sickness and miasma.
Your stone body is resilient. (AC +5)
You are immune to poison.
You resist negative energy. (rN+)
You are resistant to electric shocks. (rElec)
You are resistant to unholy torment.
You are immune to petrification.
You have sharp toenails.
Your body sometimes deteriorates upon taking damage.
You are frail. (-10% HP)
You are strong-willed. (Will+)


Message History

Maggie gestures wildly while chanting.
Maggie draws you further into her thrall.
Casting: Sandblast (safe; 1% risk of failure)
Confirm with . or Enter, or press ? or * to list all spells.
Aiming: Sandblast (safe; 1% risk of failure)
Press: ? - help, Shift-Dir - straight line, f/p - Maggie
Aim: Maggie, wielding a +1 long sword of flaming, wearing +0 steam dragon scales and carrying a wand of paralysis (11) (heavily wounded, mesmerising, 81% to hit)
The blast of sand misses Maggie.
Casting: Sandblast (safe; 1% risk of failure)
Confirm with . or Enter, or press ? or * to list all spells.
Aiming: Sandblast (safe; 1% risk of failure)
Press: ? - help, Shift-Dir - straight line, f/p - Maggie
Aim: Maggie, wielding a +1 long sword of flaming, wearing +0 steam dragon scales and carrying a wand of paralysis (11) (heavily wounded, mesmerising, 81% to hit)
The blast of sand hits Maggie!!
Maggie is severely wounded.
Maggie mumbles the words to a spell, but in the wrong order.
Maggie hits you with a +1 long sword of flaming.
Maggie burns you.
Casting: Sandblast (safe; 1% risk of failure)
Confirm with . or Enter, or press ? or * to list all spells.
Aiming: Sandblast (safe; 1% risk of failure)
Press: ? - help, Shift-Dir - straight line, f/p - Maggie
Aim: Maggie, wielding a +1 long sword of flaming, wearing +0 steam dragon scales and carrying a wand of paralysis (11) (severely wounded, mesmerising, 81% to hit)
The blast of sand hits Maggie but does no damage.
Maggie is severely wounded.
Maggie zaps a wand.
You suddenly lose the ability to move!
Maggie casts a spell at you. The bolt of fire hits you!
Your body deteriorates!
You feel dopey.
Maggie zaps a wand.
You resist with almost no effort.
You can move again.
Casting: Sandblast (safe; 1% risk of failure)
Confirm with . or Enter, or press ? or * to list all spells.
Aiming: Sandblast (safe; 1% risk of failure)
Press: ? - help, Shift-Dir - straight line, f/p - Maggie
Aim: Maggie, wielding a +1 long sword of flaming, wearing +0 steam dragon scales and carrying a wand of paralysis (9) (severely wounded, mesmerising, 81% to hit)
The blast of sand misses Maggie.
Maggie gestures at you while chanting. The bolt of fire hits you!!
You die...

#.........###..#
#....#....##..## # .
#....###....... # ..
#....###..##...# # @..
#............#.# # ...
#........#### .# # ..
####......#.# .#
#.##.......#...# .#
...#....##@@..##..#####.#
#.......#....##......#.#
....#####.########.###.#.#
..# #.# ######.......# ♣ .
#.###.......###..# ♣
#..#..###........# #
##.#.####........####
#......#............
#......#...[....####


You could see Maggie (mesmerising).

Vanquished Creatures
  A sky beast (D:4)
  A black bear (D:4)
  A necrophage (D:4)
  2 ogres
  3 scorpions
  A crimson imp (D:4)
  A centaur zombie (Ossuary)
  A bullfrog zombie (D:5)
  3 hounds (D:5)
  Crazy Yiuf (D:6)
  A human zombie (Ossuary)
  3 jellies
  A bullfrog skeleton (D:6)
  An orc priest (D:5)
  A centaur skeleton (D:4)
  An orc wizard (D:5)
  An iguana (D:4)
  2 hound skeletons (D:4)
  4 mummies (Ossuary)
  Robin (D:3)
  9 gnolls
  2 river rats (Sewer)
  7 adders
  A white imp (D:4)
  An ufetubus (D:5)
  3 worms
  14 orcs
  10 endoplasms
  9 giant cockroaches
  13 goblins
  5 hobgoblins
  6 jackals
  3 kobolds
  5 quokkas
  13 ball pythons
  3 bats
  6 frilled lizards
  2 goblin zombies (Ossuary)
  A kobold zombie (Ossuary)
  3 orc zombies (Ossuary)
  12 rats
159 creatures vanquished.

Notes
Turn   | Place    | Note
-------+----------+-------------------------------------------
     0 | D:1      | jiml777 the Gargoyle Earth Elementalist began the quest for
                  | the Orb.
     0 | D:1      | Reached XP level 1. HP: 10/10 MP: 3/3
   256 | D:1      | Reached XP level 2. HP: 15/15 MP: 3/5
   405 | D:1      | Reached skill level 4 in Earth Magic
   696 | D:1      | Reached XP level 3. HP: 19/19 MP: 2/6
  1383 | D:2      | Reached XP level 4. HP: 13/24 MP: 0/8
  1720 | D:2      | Reached skill level 1 in Unarmed Combat
  1785 | D:2      | Found a glowing golden altar of the Shining One.
  2481 | D:3      | Found a faded altar of an unknown god.
  2515 | D:3      | Reached XP level 5. HP: 16/28 MP: 7/9
  2717 | D:3      | Found an opulent altar of Gozag.
  2730 | D:3      | Noticed Robin
  2842 | D:3      | Reached skill level 1 in Short Blades
  2849 | D:3      | Found a glowing drain.
  2853 | Sewer    | Entered a sewer
  3025 | Sewer    | Reached skill level 5 in Earth Magic
  3231 | Sewer    | Reached XP level 6. HP: 33/33 MP: 8/11
  3406 | Sewer    | Found a viscous altar of Jiyva.
  3507 | D:3      | Killed Robin
  3795 | D:3      | Learned a level 2 spell: Passwall
  3799 | D:3      | Learned a level 3 spell: Stone Arrow
  3804 | D:3      | Learned a level 4 spell: Petrify
  4017 | D:4      | Noticed issech's ghost (novice MiMo)
  4017 | D:4      | Found a transporter.
  4017 | D:4      | Found a transporter.
  4154 | D:4      | Reached skill level 1 in Transmutations
  4183 | D:4      | Found a sand-covered staircase.
  4193 | Ossuary  | Entered an ossuary
  4337 | Ossuary  | Reached skill level 1 in Conjurations
  4337 | Ossuary  | Reached XP level 7. HP: 24/37 MP: 5/13
  4797 | D:4      | Reached skill level 1 in Fighting
  5256 | D:4      | Reached skill level 6 in Earth Magic
  5256 | D:4      | Reached XP level 8. HP: 35/43 MP: 11/15
  5463 | D:4      | Found Kamulah's Magic Scroll Shop.
  5471 | D:4      | Bought a scroll of identify for 22 gold pieces
  5471 | D:4      | Bought a scroll of enchant armour for 82 gold pieces
  5471 | D:4      | Bought a scroll of magic mapping for 38 gold pieces
  5628 | D:5      | Entered Level 5 of the Dungeon
  5997 | D:5      | Found a shadowy altar of Dithmenos.
  6047 | D:5      | Reached skill level 5 in Spellcasting
  6109 | D:5      | Gained mutation: You have a pair of small horns on your
                  | head. [potion of mutation]
  6109 | D:5      | Gained mutation: You are strong-willed. (Will+) [potion of
                  | mutation]
  6110 | D:5      | Lost mutation: You have a pair of small horns on your head.
                  | [potion of mutation]
  6110 | D:5      | Lost mutation: You are strong-willed. (Will+) [potion of
                  | mutation]
  6110 | D:5      | Gained mutation: You have large cloven feet. [potion of
                  | mutation]
  6111 | D:5      | Lost mutation: You have large cloven feet. [potion of
                  | mutation]
  6111 | D:5      | Gained mutation: Your body sometimes deteriorates upon
                  | taking damage. [potion of mutation]
  6111 | D:5      | Gained mutation: You have sharp toenails. [potion of
                  | mutation]
  6111 | D:5      | Gained mutation: You are frail. (-10% HP) [potion of
                  | mutation]
  6111 | D:5      | Gained mutation: You are strong-willed. (Will+) [potion of
                  | mutation]
  6356 | D:5      | Reached skill level 1 in Shields
  7211 | D:6      | Found a runed translucent door.
  7212 | D:6      | Noticed Crazy Yiuf
  7218 | D:6      | Killed Crazy Yiuf
  7296 | D:6      | Noticed Maggie
  7312 | D:6      | Paralysed by Maggie for 3 turns
  7315 | D:6      | Killed from afar by Maggie

Illustrated notes

Levels and vault maps discovered:
D:1:      nzn_arrival_crosshair, layout_basic, minmay_misc_feat_more_columns
D:2:      layout_basic, basic_altar, serial_corexii_hall,
          corexii_hall_statues_s, corexii_hall_statues_deadend
D:3:      layout_basic, amcnicky_altar_gilded, shapermc_ecumenical_altar_venn,
          gup_sewer_entry_spiral, uniq_robin
D:4:      minmay_inner_zag, layout_rooms, serial_shops, shop,
          nicolae_ossuary_entry_monument, gammafunk_ghost_mausoleum,
          minmay_misc_feat_x, minmay_fire_ice_demons
D:5:      layout_gridville, lemuel_coloured_pillars_altar
D:6:      layout_rooms, kiku_gazebo_pond_becter, roderic_batcave, uniq_duvessa,
          uniq_maggie, uniq_crazy_yiuf_cottage

Skill      XL: |  1  2  3  4  5  6  7  8 |
---------------+-------------------------+-----
Earth Magic    | 4 5 6 |  6.4
Spellcasting   | 3 4 5 |  5.2
Unarmed Combat | 1 |  1.1
Dodging        | 2 |  2.5
Short Blades   | 1 2 3 |  3.5
Transmutations | 1 2 |  2.6
Conjurations   | 1 2 3 |  3.8
Fighting       | 1 2 |  2.1
Stealth        | 3 |  3.2
Shields        | 1 |  1.6

Action                   |  1- 3 |  4- 6 |  7- 9 || total
-------------------------+-------+-------+-------++-------
Melee: Unarmed           |    25 |       |       ||    25
       Dagger            |    21 |   319 |   258 ||   598
       Punch             |       |     4 |     2 ||     6
       War axe           |       |       |     5 ||     5
 Cast: Sandblast         |    27 |    66 |    57 ||   150
       Stone Arrow       |       |       |     2 ||     2
  Use: Scroll            |       |     1 |    12 ||    13
       Potion            |       |       |     3 ||     3
 Stab: Sleeping          |       |     2 |     6 ||     8
Armor: Robe              |    15 |   120 |    88 ||   223
Dodge: Dodged            |    43 |   160 |   100 ||   303
Block: Buckler           |       |       |    16 ||    16
